 Dungeon Crawl Stone Soup version 0.27-a0-828-g8289197e94 (webtiles) character file.

Game seed: 1461972799617246282

104 funkygono the Magician (level 4, -8/31 HPs)
             Began as a Djinni Fire Elementalist on Mar 30, 2021.
             Was an Initiate of Cheibriados.
             Mangled by a gnoll
             ... wielding a +0 flail
              (10 damage)
             ... on level 3 of the Dungeon.
             The game lasted 00:04:33 (3529 turns).

funkygono the Magician (Djinni Fire Elementalist)   Turns: 3529, Time: 00:04:35

Health: -8/31      AC:  2    Str:  8    XL:     4   Next: 80%
Gold:   78         EV: 12    Int: 18    God:    Cheibriados [......] SH:  0 Dex: 15

rFire    + . .     SeeInvis .   c - +1 dagger (vamp)
rCold    . . .     Faith    .   (no shield)
rNeg     . . .     Spirit   .   a - +0 robe
rPois    ∞         Reflect  .   (no helmet)
rElec    .         Harm     .   (no cloak)
rCorr    .         Rampage  .   (no gloves)
Will     .....                  (boots unavailable)
Stlth    ++........             (no amulet)
HPRegen  0.10/turn              d - ring of ice
MPRegen  0.00/turn              (no ring)

@: flying, very slow
A: fire resistance 2, cold vulnerability 1, float, innate caster, hp casting,
extra vitality 1
a: Renounce Religion, Bend Time


You were on level 3 of the Dungeon.
You worshipped Cheibriados.
Cheibriados was noncommittal.
You visited 1 branch of the dungeon, and saw 3 of its levels.

You collected 78 gold pieces.

Inventory:

Hand Weapons
 c - a +1 vampiric dagger (weapon)
 i - a +0 dagger of freezing
Armour
 a - a +0 robe (worn)
Jewellery
 d - a ring of ice (left hand)
Scrolls
 e - a scroll of fear {unknown}
Potions
 b - a potion of might
 f - a potion of attraction
 g - a potion of lignification
 h - 2 potions of mutation


   Skills:
 + Level 2.3 Dodging
 - Level 1.5 Stealth
 * Level 4.5 Spellcasting
 + Level 0.1 Invocations


You couldn't memorise any spells.
You knew the following spells:

 Your Spells              Type           Power      Damage    Failure   Level
a - Foxfire               Conj/Fire      80%        2x1d8     2%          1
b - Conjure Flame         Conj/Fire      20%        6-21      6%          3
c - Inner Flame           Hex/Fire       20%        N/A       6%          3
d - Sticky Flame          Conj/Fire      20%        2d4       22%         4
e - Fireball              Conj/Fire      10%        3d6       52%         5
f - Shock                 Conj/Air       80%        1d8       2%          1
Your spell library was empty.

Dungeon Overview and Level Annotations

Branches:
Dungeon (3/15)

Altars:
Cheibriados
Dithmenos
Uskayaw
Xom

Shops:
D:2 [


Innate Abilities, Weirdness & Mutations

You are immune to poison.
Your flesh is very heat resistant. (rF++)
You are vulnerable to cold. (rC-)
You float through the air rather than walking.
You learn spells naturally, not from books.
Your magical power is your life essence.
You have superior vitality. (+4 HP)


Message History

Unknown command.
The hound barely misses you. The hound closely misses you.
The gnoll completely misses you.
You fly downwards.
There is a stone staircase leading up here.
The hound completely misses you. The hound closely misses you.
The hound bites you. The hound bites you. The hound barely misses you.
The hound bites you. The hound closely misses you.
The hound bites you but does no damage.
Casting: Foxfire (safe; 2% risk of failure)
Confirm with . or Enter, or press ? or * to list all spells.
You conjure some foxfire!
The hound barely misses you.
The foxfire hits the gnoll but does no damage.
Casting: Foxfire (safe; 2% risk of failure)
Confirm with . or Enter, or press ? or * to list all spells.
You conjure some foxfire!
The foxfire hits the hound.
The hound is lightly wounded.
The hound barely misses you. The hound bites you.
Unknown command.
Casting: Foxfire (safe; 2% risk of failure)
Confirm with . or Enter, or press ? or * to list all spells.
You conjure some foxfire!
The foxfire hits the hound.
The hound is heavily wounded.
The foxfire hits the gnoll but does no damage.
The gnoll hits you with a +0 flail.
* * * LOW HITPOINT WARNING * * *
The hound bites you.
* * * LOW HITPOINT WARNING * * *
Casting: Foxfire (safe; 2% risk of failure)
Confirm with . or Enter, or press ? or * to list all spells.
You conjure some foxfire!
* * * LOW HITPOINT WARNING * * *
The foxfire hits the hound.
The hound is almost dead.
The hound closely misses you. The gnoll hits you with a +0 flail!
You die...

#. .....####.### ##
........... .# ....
#.#..# .# ...
#.#..###.### #.#
#.#..#.....## ##§##
#.#..#.###...
###.v§###......# #.(.
#..h@v.........###..#
#.#gv.###.#....†....#
#.##.## #.#...##.....
#.##.# #.#...#####.#
#.##.####.#..........
#.##.#..............#
#<##.#.........######
##...............# #
#............###.###
#


You could see a hound (ally target) and a gnoll.

Vanquished Creatures
  A hound (D:2)
  2 adders (D:2)
  8 bats
  8 endoplasms
  3 giant cockroaches
  2 goblins
  10 hobgoblins
  2 jackals (D:3)
  3 quokkas (D:1)
  4 frilled lizards
  6 kobolds
  3 rats (D:1)
52 creatures vanquished.

Vanquished Creatures (others)
  134 foxfires
134 creatures vanquished.

Grand Total: 186 creatures vanquished

Notes
Turn   | Place    | Note
-------+----------+-------------------------------------------
     0 | D:1      | funkygono the Djinni Fire Elementalist began the quest for
                  | the Orb.
     0 | D:1      | Reached XP level 1. HP: 15/15 MP: 0/0
   192 | D:1      | Reached skill level 3 in Spellcasting
   248 | D:1      | Reached XP level 2. HP: 17/21 MP: 0/0
   975 | D:1      | Reached XP level 3. HP: 24/25 MP: 0/0
   975 | D:1      | Learned a level 1 spell: Shock
  1786 | D:2      | Found Qyqo's Antique Armour Shoppe.
  2015 | D:2      | Reached skill level 4 in Spellcasting
  2029 | D:2      | Found a faded altar of an unknown god.
  2062 | D:2      | Reached XP level 4. HP: 30/31 MP: 0/0
  2099 | D:2      | Found a snail-covered altar of Cheibriados.
  2122 | D:2      | Found a hide-covered altar of Uskayaw.
  2133 | D:2      | Became a worshipper of Cheibriados the Contemplative
  2381 | D:2      | Found a shimmering altar of Xom.
  2419 | D:2      | Found a shadowy altar of Dithmenos.
  3529 | D:3      | Mangled by a gnoll

Illustrated notes

Levels and vault maps discovered:
D:1:      dpeg_arrival_three_bigger_balls, layout_loops_ring
D:2:      layout_loops_corners, nicolae_overflow_quartered_altars,
          chequers_ecumenical_altar_island, serial_shops, shop
D:3:      minmay_door_path, layout_loops_ring, cheibrodos_gnoll_hut

Skill      XL: |  1  2  3 |
---------------+----------+-----
Spellcasting   | 3 4 |  4.5
Dodging        | |  2.3
Stealth        | |  1.5
Invocations    | |  0.1

Action                   |  1- 3 |  4- 6 || total
-------------------------+-------+-------++-------
Melee: Dagger            |     9 |       ||     9
 Cast: Foxfire           |    56 |    26 ||    82
Invok: Bend Time         |       |     4 ||     4
  Use: Scroll            |     5 |     2 ||     7
       Potion            |       |     2 ||     2
Armor: Robe              |     2 |     7 ||     9
Dodge: Dodged            |    10 |    43 ||    53

Table legend: (Time is in decaauts)
 A = Elapsed time spent in this place.
 B = Non-inter-level travel time spent in this place.
 C = Inter-level travel time spent in this place.
 D = Time resting spent in this place.
 E = Time spent auto-exploring this place.
 F = Levels seen in this place.
 G = Mean time per level.
                   A        B        C        D        E       F      G
               +--------+--------+--------+--------+--------+-----+--------+
         Total |   3784 |   3722 |     62 |      0 |   3313 |   3 | 1261.3 |
       Dungeon |   3784 |   3722 |     62 |      0 |   3313 |   3 | 1261.3 |
               +--------+--------+--------+--------+--------+-----+--------+

Top non-repeatable levels by time:
     D:2: 1668 daAuts
     D:1: 1293 daAuts
     D:3: 823 daAuts
